 Dungeon Crawl Stone Soup version 0.25.0-37-gb73750e0fb (webtiles) character file.

Game seed: 2957499567815753181

266 funkygono the Conjurer (level 6, -1/36 HPs)
             Began as an Octopode Conjurer on July 8, 2020.
             Killed by nerve-wracking pain
             ... invoked by an orc priest
              (13 damage)
             ... on level 4 of the Dungeon.
             The game lasted 00:07:31 (3734 turns).

funkygono the Conjurer (Octopode Conjurer)          Turns: 3734, Time: 00:07:32

Health: -1/36      AC:  1    Str:  7    XL:     6   Next: 20%
Magic:  0/10       EV: 14    Int: 19    God:
Gold:   165        SH:  0    Dex: 13    Spells: 5/11 levels left

rFire    . . .     SeeInvis .   g - +1 club
rCold    . . .     Gourm    .   (no shield)
rNeg     . . .     Faith    .   (helmet restricted)
rPois    .         Spirit   .   (no amulet)
rElec    .         Reflect  .   (no ring)
rCorr    .         Harm     .   (no ring)
MR       .....                  (no ring)
Stlth    +++.......             (no ring)
HPRegen  0.12/turn              (no ring)
MPRegen  0.12/turn              (no ring)
                                (no ring)
                                (no ring)

@: no status effects
A: almost no armour, stealthy swim, amphibious, 8 rings, constrict 8, camouflage
1, gelatinous body 1
a: no special abilities


You were on level 4 of the Dungeon.
You were not hungry.

You visited 1 branch of the dungeon, and saw 4 of its levels.

You collected 165 gold pieces.

Inventory:

Hand Weapons
 g - a +1 club (weapon)
Missiles
 c - 199 stones (quivered)
Scrolls
 a - a scroll of enchant armour
Potions
 d - a potion of flight
 h - a potion of brilliance {unknown}
 i - a potion of cancellation {unknown}
 j - a potion of curing {unknown}
 m - a potion of magic {unknown}
 n - a potion of degeneration {unknown}
 o - 2 potions of heal wounds
 p - a potion of stabbing {unknown}
Comestibles
 b - 5 rations
 f - 7 chunks of flesh


   Skills:
 + Level 0.3 Fighting
 + Level 0.7 Maces & Flails
 + Level 2.9 Dodging
 + Level 3.5 Stealth
 + Level 3.2 Spellcasting
 + Level 5.8 Conjurations


You had 5 spell levels left.
You knew the following spells:

 Your Spells              Type           Power        Failure   Level  Hunger
a - Magic Dart            Conj           ####         1%          1    None
b - Searing Ray           Conj           ####..       1%          2    ##.....
c - Dazzling Flash        Conj/Hex       ##....       13%         3    ###....

Your spell library contained the following spells:

 Spells                   Type           Power        Failure   Level  Hunger
 Fulminant Prism          Conj/Hex       ##........   41%         4    ####...
 Iskenderun's Mystic Bla  Conj/Tloc      ##......     41%         4    ####...


Dungeon Overview and Level Annotations

Branches:
Dungeon (4/15)
 Temple: D:4-7

Altars:


Innate Abilities, Weirdness & Mutations

You cannot wear most types of armour.
You are very stealthy in the water. (Stealth+)
You are amphibious.
You can wear up to eight rings at the same time.
You can use your tentacles to constrict eight enemies at once.
Your skin changes colour to match your surroundings (Stealth+).
Your rubbery body absorbs attacks. (AC +1, EV +1)


Message History

The magic dart hits the orc priest.
The orc priest is almost dead.
The orc priest mumbles some strange prayers to Beogh against you.
Beogh smites you!
Casting: Magic Dart (safe; 1% risk of failure)
Confirm with . or Enter, or press ? or * to list all spells.
Aiming: Magic Dart (safe; 1% risk of failure)
Press: ? - help, Shift-Dir - straight line, f/p - orc priest
Aim: an orc priest, wielding a +0 hand axe and wearing a +0 leather armour (almost dead)
The magic dart hits the orc priest but does no damage.
The orc priest is almost dead.
The orc priest invokes the aid of Beogh against you.
Pain shoots through your body!
The orc priest hits you with a +0 hand axe.
You see here a +0 flail.
You closely miss the orc priest. Your grab misses the orc priest.
The orc priest is almost dead.
The orc priest mumbles some strange prayers to Beogh against you.
Pain shoots through your body!
You die...

#### #.. #.#
#.#.. #)#.#
#)#.#
###@#.######
##<.o#.......
#............
#.......o....
#........?...
#........o..)
#...........o
#............
#............


You could see an orc priest.

Vanquished Creatures
  A worker ant (D:4)
  Terence (D:2)
  Natasha (thrice) (D:3)
  A gnoll (D:1)
  6 adders
  An ooze (D:3)
  4 worms
  A dart slug (D:2)
  2 leopard geckos (D:2)
  4 orcs (D:4)
  2 giant cockroaches (D:2)
  4 goblins
  7 hobgoblins
  4 jackals
  A ball python (D:1)
  3 bats (D:2)
  2 frilled lizards (D:2)
  7 kobolds
  7 rats
61 creatures vanquished.

Notes
Turn   | Place    | Note
-------+----------+-------------------------------------------
     0 | D:1      | funkygono the Octopode Conjurer began the quest for the
                  | Orb.
     0 | D:1      | Reached XP level 1. HP: 11/11 MP: 3/3
   561 | D:1      | Reached XP level 2. HP: 17/17 MP: 0/5
  1044 | D:2      | Reached XP level 3. HP: 21/21 MP: 3/6
  1203 | D:2      | Noticed Terence
  1219 | D:2      | Killed Terence
  1219 | D:2      | Reached skill level 5 in Conjurations
  1219 | D:2      | Reached XP level 4. HP: 8/27 MP: 0/7
  1292 | D:2      | Learned a level 2 spell: Searing Ray
  2088 | D:2      | Reached XP level 5. HP: 31/31 MP: 5/8
  2645 | D:2      | Learned a level 3 spell: Dazzling Flash
  2885 | D:3      | Noticed Natasha
  2890 | D:3      | Killed Natasha
  2950 | D:3      | Noticed Natasha
  2960 | D:3      | Killed Natasha
  3362 | D:3      | Noticed Natasha
  3368 | D:3      | Killed Natasha
  3368 | D:3      | Reached XP level 6. HP: 29/36 MP: 3/10
  3734 | D:4      | Killed from afar by an orc priest

Illustrated notes

Levels and vault maps discovered:
D:1:      lightli_arrival_flooded_house, layout_basic, columned_hall_lemuel
D:2:      layout_loops_ring, minmay_misc_feat_more_columns,
          minmay_misc_feat_columns, uniq_terence
D:3:      layout_basic, serial_bayou, serial_bayou_crossing,
          serial_bayou_pond_d, serial_bayou_lagoon_a, serial_bayou_ford_a,
          uniq_natasha
D:4:      layout_basic, first_ration, kennysheep_doodads, uniq_grinder

Skill      XL: |  1  2  3  4  5 |
---------------+----------------+-----
Stealth        | 3 |  3.5
Conjurations   | 5 |  5.8
Spellcasting   | 3 |  3.2
Fighting       | |  0.3
Maces & Flails | |  0.7
Dodging        | |  2.9

Action                   |  1- 3 |  4- 6 || total
-------------------------+-------+-------++-------
Melee: Unarmed           |     8 |       ||     8
       Tentacles         |     5 |     4 ||     9
       Constrict         |     3 |     6 ||     9
       Club              |    11 |    32 ||    43
 Cast: Magic Dart        |    48 |    84 ||   132
       Searing Ray       |       |     7 ||     7
  Use: Scroll            |     2 |     5 ||     7
  Eat: Chunk             |     1 |     9 ||    10
Armor: Skin              |     4 |     1 ||     5
Dodge: Dodged            |    15 |    25 ||    40
